 Dungeon Crawl Stone Soup version 0.27-a0-1158-gaa87e14f67 (webtiles) character file.

Game seed: 17497205543303414597

43 voltaire321 the Ducker (level 3, -1/28 HPs)
             Began as a Merfolk Gladiator on May 15, 2021.
             Slain by an orc priest
             ... wielding a +0 short sword of protection
              (5 damage)
             ... on level 2 of the Dungeon.
             The game lasted 00:02:59 (1454 turns).

voltaire321 the Ducker (Merfolk Gladiator)          Turns: 1454, Time: 00:02:59

Health: -1/28      AC:  4    Str: 14    XL:     3   Next: 58%
Magic:  3/3        EV: 13    Int:  8    God:
Gold:   41         SH:  0    Dex: 15    Spells: 2/2 levels left

rFire    . . .     SeeInvis .   a - +0 long sword
rCold    . . .     Faith    .   (no shield)
rNeg     . . .     Spirit   .   b - +0 leather armour
rPois    .         Reflect  .   c - +0 helmet
rElec    .         Harm     .   (no cloak)
rCorr    .         Rampage  .   (no gloves)
Will     .....                  (no boots)
Stlth    +.........             k - amulet of regeneration
HPRegen  1.09/turn              (no ring)
MPRegen  0.08/turn              (no ring)

@: hasted, very quick
A: (nimble swimmer 2), mertail
a: no special abilities


You were on level 2 of the Dungeon.
You visited 1 branch of the dungeon, and saw 2 of its levels.

You collected 41 gold pieces.

Inventory:

Hand Weapons
 a - a +0 long sword (weapon)
Missiles
 d - 3 throwing nets (quivered)
Armour
 b - a +0 leather armour (worn)
 c - a +0 helmet (worn)
Jewellery
 k - an amulet of regeneration (around neck)
Scrolls
 f - 5 scrolls of identify {unknown}
 g - a scroll of torment {unknown}
 j - a scroll of fog {unknown}
Potions
 e - a potion of attraction {unknown}
 h - a potion of haste
 i - a potion of heal wounds {unknown}
 l - 2 potions of brilliance {unknown}


   Skills:
 + Level 2.8 Fighting
 + Level 3.7 Long Blades
 + Level 2.5 Throwing
 + Level 4.6 Dodging


You had 2 spell levels left.
You didn't know any spells.
Your spell library contained the following spells:

 Spells                   Type           Power      Damage    Failure   Level
 Animate Skeleton         Necr           0%         N/A       50%         1
 Apportation              Tloc           0%         N/A       50%         1
 Corona                   Hex            0%         N/A       50%         1
 Summon Small Mammal      Summ           0%         N/A       50%         1


Dungeon Overview and Level Annotations

Branches:
Dungeon (2/15)

Altars:


Innate Abilities, Weirdness & Mutations

((You are quick and stealthy near water. (Stealth+, EV+, Speed+++)))
Your lower body shifts to a powerful aquatic tail in water.


Message History

You hit the orc priest.
The orc priest is moderately wounded.
The orc priest barely misses you.
The orc priest hits you with a +0 short sword of protection.
You closely miss the orc priest.
The orc priest is moderately wounded.
The orc priest hits you but does no damage.
The orc priest hits you with a +0 short sword of protection.
You barely miss the orc priest.
The orc priest is moderately wounded.
The orc priest mumbles some strange prayers to Beogh against you.
Pain shoots through your body!
The orc wizard casts a spell at itself.
The orc wizard flickers and vanishes!
Deactivating autopickup; reactivate with Ctrl-A.
The orc priest hits you with a +0 short sword of protection.
The orc priest hits you but does no damage.
You closely miss the orc priest.
The orc priest is moderately wounded.
The orc priest hits you with a +0 short sword of protection.
The orc priest closely misses you.
You riposte.
You hit the orc priest.
The orc priest is moderately wounded.
The orc priest invokes the aid of Beogh against you.
Beogh smites you!
* * * LOW HITPOINT WARNING * * *
It was a potion of haste.
You feel yourself speed up.
The orc priest hits you with a +0 dagger.
* * * LOW HITPOINT WARNING * * *
The orc priest barely misses you.
You riposte.
You hit the orc priest but do no damage.
The orc priest is moderately wounded.
You hit the orc priest.
The orc priest is heavily wounded.
The orc priest mumbles some strange prayers to Beogh against you.
Pain shoots through your body!
* * * LOW HITPOINT WARNING * * *
You barely miss the orc priest.
The orc priest is heavily wounded.
The orc priest hits you with a +0 short sword of protection.
You die...

..# .>..# #.#.# #.#.#
#.#.######## . .## #.#)#......#
..^
....###.#.#.....@#########.....
...............oo.............
..#.....#......########......
#.#.###......# ....o # #.#.#
######## .... # #.#.##....#
##.### #.......... ... .
###.##....# #.### #.# ..[#
#..##


You could see 2 orc priests.

Vanquished Creatures
  A gnoll (D:1)
  A bat (D:2)
  2 endoplasms
  2 giant cockroaches (D:1)
  6 goblins (D:1)
  3 hobgoblins (D:2)
  4 jackals (D:2)
  A quokka (D:1)
  4 ball pythons
  2 frilled lizards (D:1)
  2 kobolds (D:1)
  2 rats
30 creatures vanquished.

Notes
Turn   | Place    | Note
-------+----------+-------------------------------------------
     0 | D:1      | voltaire321 the Merfolk Gladiator began the quest for the
                  | Orb.
     0 | D:1      | Reached XP level 1. HP: 16/16 MP: 1/1
   223 | D:1      | Reached XP level 2. HP: 20/23 MP: 2/2
   982 | D:1      | Reached XP level 3. HP: 14/28 MP: 3/3
  1454 | D:2      | Slain by an orc priest

Illustrated notes

Levels and vault maps discovered:
D:1:      lightli_arrival_boilingwater, layout_basic
D:2:      layout_basic

Action                   || total
-------------------------++-------
Melee: Long sword        ||    84
  Use: Potion            ||     1
Armor: Leather armour    ||    30
Dodge: Dodged            ||    55
       Rpst.: Long sword ||    19

Table legend: (Time is in decaauts)
 A = Elapsed time spent in this place.
 B = Non-inter-level travel time spent in this place.
 C = Inter-level travel time spent in this place.
 D = Time resting spent in this place.
 E = Time spent auto-exploring this place.
 F = Levels seen in this place.
 G = Mean time per level.
                   A        B        C        D        E       F      G
               +--------+--------+--------+--------+--------+-----+--------+
         Total |   1470 |   1378 |     92 |    252 |    843 |   2 |  735.0 |
       Dungeon |   1470 |   1378 |     92 |    252 |    843 |   2 |  735.0 |
               +--------+--------+--------+--------+--------+-----+--------+

Top non-repeatable levels by time:
     D:1: 1218 daAuts
     D:2: 251 daAuts
